 Dungeon Crawl Stone Soup version 0.26-a0-651-gb41185065b (webtiles) character file.

Game seed: 3029768968487927868

6 Lanoc the Sneak (level 1, 0/19 HPs)
             Began as a Draconian Delver on Oct 29, 2020.
             Killed from afar by a white imp (12 damage)
             ... with a puff of frost
             ... on level 5 of the Dungeon.
             The game lasted 00:00:21 (185 turns).

Lanoc the Sneak (Draconian Delver)                   Turns: 185, Time: 00:00:22

Health: 0/19       AC:  4    Str: 14    XL:     1   Next: 75%
Magic:  1/1        EV: 12    Int: 10    God:
Gold:   0          SH:  0    Dex: 12    Spells: 0/0 levels left

rFire    . . .     SeeInvis .   a - +0 falchion
rCold    . . .     Faith    .   (no shield)
rNeg     . . .     Spirit   .   (armour unavailable)
rPois    .         Reflect  .   (helmet restricted)
rElec    .         Harm     .   (no cloak)
rCorr    .         Rampage  .   (no gloves)
MR       .....                  (no boots)
Stlth    +++.......             (no amulet)
HPRegen  0.06/turn              (no ring)
MPRegen  0.07/turn              (no ring)

@: no status effects
A: unfitting armour, cold-blooded, AC +4
a: no special abilities


You were on level 5 of the Dungeon.
You visited 1 branch of the dungeon, and saw 2 of its levels.

Inventory:

Hand Weapons
 a - a +0 falchion (weapon)
Wands
 f - a wand of digging (3)
Scrolls
 b - a scroll of fog
 c - a scroll of magic mapping
 d - a scroll of fear
Potions
 e - 2 potions of haste


   Skills:
 + Level 3.5 Fighting
 - Level 2.0 Long Blades
 + Level 2.1 Dodging
 - Level 4.5 Stealth


You couldn't memorise any spells.
You didn't know any spells.
Your spell library was empty.

Dungeon Overview and Level Annotations

Branches:
Dungeon (6/15)
 Temple: D:4-7

Altars:


Innate Abilities, Weirdness & Mutations

Your plain brown scales are hard. (AC +4)
You cannot fit into any form of body armour.
You are cold-blooded and may be slowed by cold attacks.


Message History

You kill the jackal!
Your Dodging skill increases to level 2!
The white imp laughs crazily.
There is a stone staircase leading down here.
The jackal closely misses you.
You riposte.
You hit the jackal.
The jackal is almost dead.
You climb downwards.
There is a stone staircase leading up here.
You completely miss the jackal. You tail-slap the jackal.
You kill the jackal!
You start resting.
HP restored.
You climb upwards.
The white imp hits you. The white imp freezes you.
There is a stone staircase leading down here.
You hit the white imp.
The white imp is lightly wounded.
The white imp gestures at you. The puff of frost hits you!
Ouch! That really hurt!
You die...

#. #. .# .. #. #
##.##.##. ###.#
#........## #....#
#.......#@## ...s.##
........##5####.......
#.......###hs†.h..<...
#.......##.#####...##.
#.......#.## .....
#..........# ###.
...#####.#.# #.#.#
#.#.#


You could see a white imp, a jackal and a giant cockroach.

Vanquished Creatures
  An adder skeleton (D:5)
  2 jackals
3 creatures vanquished.

Notes
Turn   | Place    | Note
-------+----------+-------------------------------------------
     0 | D:5      | Lanoc the Draconian Delver began the quest for the Orb.
     0 | D:5      | Reached XP level 1. HP: 19/19 MP: 1/1
   185 | D:5      | Killed from afar by a white imp

Illustrated notes

Levels and vault maps discovered:
D:5:      layout_loops_ring, nicolae_ru_awakened_eye, serial_shops, shop
D:6:      mumra_celtic_spiral_tile, layout_basic, okawaru_ov_weapons_minmay,
          grunt_gozag_breadcrumbs, minmay_temple_entry_stoned_glass,
          basic_altar, serial_shops,
          nicolae_shop_temple_entry_statues_fountains, nicolae_elemental_shop,
          nicolae_ashenzari_panopticon, uniq_crazy_yiuf_cottage, uniq_maggie

Skill      XL: |  1 |
---------------+----+-----
Dodging        | 2 |  2.1
Fighting       | |  3.5
Long Blades    | |  2.0
Stealth        | |  4.5

Action                   || total
-------------------------++-------
Melee: Falchion          ||     6
       Tailslap          ||     3
Armor: Skin              ||     2
Dodge: Dodged            ||     5
       Rpst.: Falchion   ||     3

Table legend: (Time is in decaauts)
 A = Elapsed time spent in this place.
 B = Non-inter-level travel time spent in this place.
 C = Inter-level travel time spent in this place.
 D = Time resting spent in this place.
 E = Time spent auto-exploring this place.
 F = Levels seen in this place.
 G = Mean time per level.
                   A        B        C        D        E       F      G
               +--------+--------+--------+--------+--------+-----+--------+
         Total |    186 |    184 |      2 |    151 |      2 |   2 |   93.0 |
       Dungeon |    186 |    184 |      2 |    151 |      2 |   2 |   93.0 |
               +--------+--------+--------+--------+--------+-----+--------+

Top non-repeatable levels by time:
     D:6: 154 daAuts
     D:5: 32 daAuts
